 Dungeon Crawl Stone Soup version 0.29-a0-284-gf9362112df (webtiles) character file.

Game seed: 7469722833260369110

26 sizableburger the Bolt Thrower (level 2, 0/17 HPs)
             Began as a Vampire Hunter on Mar 17, 2022.
             Slain by a frilled lizard (1 damage)
             ... on level 1 of the Dungeon.
             The game lasted 00:02:19 (445 turns).

sizableburger the Bolt Thrower (Vampire Hunter)      Turns: 445, Time: 00:02:20

Health: 0/17       AC:  3    Str: 10    XL:     2   Next: 89%
Magic:  2/2        EV: 12    Int: 11    God:
Gold:   0          SH:  0    Dex: 17    Spells: 1/1 levels left

rFire   . . .      SeeInvis +   a - +1 hand crossbow
rCold   + + .      Faith    .   (no shield)
rNeg    + + +      Spirit   .   b - +0 leather armour
rPois   ∞          Reflect  .   (no helmet)
rElec   .          Harm     .   (no cloak)
rCorr   .          Rampage  .   (no gloves)
Will    .....                   (no boots)
Stlth   ++++......              (no amulet)
HPRegen 0.00/turn               (no ring)
MPRegen 0.08/turn               (no ring)

@: bloodless, inhibited regen
A: bloodless, fangs 3, see invisible, vampiric 1
a: Revivify


You were on level 1 of the Dungeon.
You visited 1 branch of the dungeon, and saw 1 of its levels.

Inventory:

Hand Weapons
 a - a +1 hand crossbow (weapon)
Armour
 b - a +0 leather armour (worn)
Scrolls
 c - a scroll of immolation


   Skills:
 - Level 1.8 Fighting
 + Level 3.5 Crossbows
 + Level 2.8 Dodging
 + Level 3.0 Stealth


You had one spell level left.
You didn't know any spells.
Your spell library contained the following spells:

 Spells                   Type           Power      Damage    Failure   Level
 Tukima's Dance           Hex            0%         N/A       82%         3
 Anguish                  Hex/Necr       0%         N/A       99%         4
 Iskenderun's Battlesphe  Conj           0%         2d6       100%        5
 Iron Shot                Conj/Erth      0%         9d1       100%        6
 Enfeeble                 Hex            0%         N/A       100%        7
 Spellforged Servitor     Conj/Summ      0%         N/A       100%        7


Dungeon Overview and Level Annotations

Branches:
Dungeon (1/15)

Altars:


Innate Abilities, Weirdness & Mutations

You do not regenerate when monsters are visible.
You are frail without blood (-20% HP).
You can heal yourself when you bite living creatures.
You are immune to poison.
You have razor-sharp teeth.
You have supernaturally acute eyesight. (SInv)
You are afflicted with vampirism.


Message History

Press: ? - help, Q - select action Shift-Dir - straight line, f/p - frilled lizard
Aim: a frilled lizard (46% to hit)
You shoot a bolt.
The bolt barely misses the frilled lizard.
The bolt hits the rat!
You kill the rat!
The bat barely misses you.
The frilled lizard bites you but does no damage.
The bat hits you.
* * * LOW HITPOINT WARNING * * *
Your Stealth skill increases to level 3!
Unknown command.
Okay, then.
You aren't carrying any potions.
Okay, then.
Shoot: a) +1 hand crossbow
Press: ? - help, Q - select action Shift-Dir - straight line, f/p - frilled lizard
Aim: a frilled lizard (46% to hit)
You shoot a bolt.
The bolt barely misses the frilled lizard.
The bat completely misses you. The bat misses you.
The frilled lizard bites you but does no damage.
The frilled lizard barely misses you.
Shoot: a) +1 hand crossbow
Press: ? - help, Q - select action Shift-Dir - straight line, f/p - frilled lizard
Aim: a frilled lizard (46% to hit)
You shoot a bolt.
The bolt barely misses the frilled lizard.
The bat hits you.
* * * LOW HITPOINT WARNING * * *
The bat hits you but does no damage. x2
The frilled lizard bites you but does no damage.
Shoot: a) +1 hand crossbow
Press: ? - help, Q - select action Shift-Dir - straight line, f/p - frilled lizard
Aim: a frilled lizard (46% to hit)
You shoot a bolt.
The bolt closely misses the frilled lizard.
The bat hits you but does no damage. The frilled lizard closely misses you.
The bat barely misses you. The frilled lizard bites you.
You die...

#.# #...# #.# #...#
########.. ..### #...#
#..†lr††..
....###...###†####.$..
.............l.#......
.................# .
...............### ..#
....###...###.#####.....
..### #..)# #.†l@br.#
(## #...# #######.....
.# #...# #.. .# #...# >#
##


You could see a bat, a frilled lizard and a rat.

Vanquished Creatures
  2 ball pythons (D:1)
  An endoplasm (D:1)
  A giant cockroach (D:1)
  A hobgoblin (D:1)
  7 jackals (D:1)
  A quokka (D:1)
  3 bats (D:1)
  2 frilled lizards (D:1)
  2 goblins (D:1)
  A kobold (D:1)
  3 rats (D:1)
24 creatures vanquished.

Notes
Turn   | Place    | Note
-------+----------+-------------------------------------------
     0 | D:1      | sizableburger the Vampire Hunter began the quest for the
                  | Orb.
     0 | D:1      | Reached XP level 1. HP: 16/16 MP: 1/1
   139 | D:1      | Reached XP level 2. HP: 11/17 MP: 2/2
   262 | D:1      | Found a faded altar of an unknown god.
   445 | D:1      | Slain by a frilled lizard

Illustrated notes

Levels and vault maps discovered:
D:1:      minmay_arrival_arboretum_small, layout_loops_cross,
          shapermc_ecumenical_altar_petra, kennysheep_minor_cross,
          minmay_misc_feat_pillars

Skill      XL: |  1  2 |
---------------+-------+-----
Stealth        | 2 3 |  3.0
Fighting       | |  1.8
Crossbows      | |  3.5
Dodging        | |  2.8

Action                   || total
-------------------------++-------
 Fire: Hand crossbow     ||    54
 Abil: Exsanguinate      ||     1
Armor: Leather armour    ||    26
Dodge: Dodged            ||    40

Table legend: (Time is in decaauts)
 A = Elapsed time spent in this place.
 B = Non-inter-level travel time spent in this place.
 C = Inter-level travel time spent in this place.
 D = Time resting spent in this place.
 E = Time spent auto-exploring this place.
 F = Levels seen in this place.
 G = Mean time per level.
                   A        B        C        D        E       F      G
               +--------+--------+--------+--------+--------+-----+--------+
         Total |    465 |    465 |      0 |      0 |    357 |   1 |  465.0 |
       Dungeon |    465 |    465 |      0 |      0 |    357 |   1 |  465.0 |
               +--------+--------+--------+--------+--------+-----+--------+

Top non-repeatable levels by time:
     D:1: 465 daAuts
